 Dungeon Crawl Stone Soup version 0.31-a0-1-g4198be8af4 (webtiles) character file.

Game seed: 17749273907174218170

101 BillyBaka the Trooper (level 4, -1/24 HPs)
             Began as a Vine Stalker Monk on May 2, 2023.
             Slain by an orc
             ... wielding a +0 whip
              (5 damage)
             ... on level 4 of the Dungeon.
             The game lasted 00:06:25 (1663 turns).

BillyBaka the Trooper (Vine Stalker Monk)           Turns: 1663, Time: 00:06:27

Health: -1/24      AC:  2    Str: 13    XL:     4   Next: 75%
Magic:  0/0        EV: 14    Int: 10    God:
Gold:   168        SH:  0    Dex: 23    Spells: 3/3 levels left

rFire   . . .        a - +0 dagger of the Valley of Death {pain, rCorr MP-9 Dex+4 SInv}
rCold   . . .        d - orb {light}
rNeg    . . .        s - +0 robe
rPois   .            (no helmet)
rElec   .            (no cloak)
rCorr   +            (no gloves)
SInv    +            (no boots)
Will    .....        (no amulet)
Stlth   +            (no ring)
HPRegen 1.04/turn    (no ring)
MPRegen 0.07/turn

%: guardian spirit
@: glowing
A: fangs 2, regeneration 1, magic shield, antimagic bite, no potion heal 2
a: no special abilities


You were on level 4 of the Dungeon.
You visited 1 branch of the dungeon, and saw 5 of its levels.

You collected 168 gold pieces.

Inventory:

Hand Weapons
 a - the +0 dagger of the Valley of Death (weapon) {pain, rCorr MP-9 Dex+4 SInv}
   (You found it on level 2 of the Dungeon)

   Dex:       It affects your dexterity (+4).
   MP:        It affects your magic capacity (-9).
   SInv:      It lets you see invisible.
   rCorr:     It protects you from acid and corrosion.
 b - the +6 sling "Umufem" {heavy, rC+}
   (You found it on level 3 of the Dungeon)

   rC:        It protects you from cold.
Armour
 d - an orb of light (worn)
 s - a +0 robe (worn)
Jewellery
 l - a ring of ice
Wands
 o - a wand of flame (9)
Scrolls
 f - 3 scrolls of identify {unknown}
 h - 6 scrolls of teleportation {unknown}
 i - a scroll of immolation {unknown}
 k - a scroll of brand weapon {unknown}
 p - a scroll of fear {unknown}
 r - a scroll of silence {unknown}
 u - a scroll of amnesia {unknown}
Potions
 c - 2 potions of ambrosia
 e - 3 potions of brilliance {unknown}
 g - 2 potions of flight {unknown}
 j - a potion of invisibility {unknown}
 m - a potion of heal wounds {unknown}
 n - 2 potions of curing {unknown}
 q - a potion of cancellation {unknown}
 t - a potion of attraction {unknown}


   Skills:
 + Level 3.5 Fighting
 + Level 3.5 Short Blades
 * Level 0.3 Ranged Weapons
 + Level 3.1 Dodging


You had 3 spell levels left.
You didn't know any spells.
Your spell library contained the following spells:

 Spells                   Type           Power      Damage    Failure   Level
 Necrotise                Necr           0%         1d4       36%         1
 Sandblast                Erth           0%         2d4       36%         1
 Stone Arrow              Conj/Erth      0%         3d7       75%         3
 Vampiric Draining        Necr           0%         2d6       75%         3
 Leda's Liquefaction      Hex/Erth       0%         N/A       98%         4
 Agony                    Necr           0%         N/A       100%        5


Dungeon Overview and Level Annotations

Branches:
Dungeon (5/15)
 Temple: D:4-7

Altars:

Shops:
D:1 (


Innate Abilities, Weirdness & Mutations

You have extremely sharp teeth.
Your natural rate of healing is unusually fast.
When hurt, damage is shared between your health and your magic reserves.
Your bite disrupts and absorbs the magic of your enemies.
Potions cannot restore your health.


Message History

You kill the orc!
u - a scroll labelled DIESCH HI TUIPAOB A goblin comes into view.
It is wielding a +0 dagger.
The goblin shouts!
A sleepcap comes into view.
An orc comes into view. It is wielding a +0 whip.
The orc shouts!
You shoot a sling bullet. The sling bullet hits the goblin.
You kill the goblin!
You shoot a sling bullet. The sling bullet hits the sleepcap.
The sleepcap is lightly damaged.
You shoot a sling bullet. The sling bullet hits the sleepcap!
The sleepcap is heavily damaged.
The sleepcap barely misses you.
You feel agile.
You have a feeling of ineptitude.
a - the +0 dagger of the Valley of Death (weapon)
{pain, rCorr MP-9 Dex+4 SInv} You hit the sleepcap.
You bite the sleepcap, but do no damage.
The sleepcap is severely damaged.
The sleepcap barely misses you. The orc closely misses you.
You hit the sleepcap but do no damage. You bite the sleepcap.
You drain its power.
The sleepcap is severely damaged.
The sleepcap releases spores at you.
You are engulfed in a cloud of soporific spores!
You fall asleep.
The orc hits you with a +0 whip!
You wake up.
A worm comes into view.
You hit the sleepcap but do no damage. You bite the sleepcap.
You drain its power.
The sleepcap is severely damaged.
The sleepcap releases spores at you. The orc barely misses you.
You hit the sleepcap but do no damage. You bite the sleepcap.
You drain its power.
The sleepcap is severely damaged.
The sleepcap releases spores at you.
* * * LOW HITPOINT WARNING * * *
The orc hits you with a +0 whip.
You die...

#.......###.
#..>......).
#........##
#####........#
#........##.....
##........# .#..
..........# # #
..........#
w.....f@..#
......o...#
...)......#
....####### ....
.. .


You could see a sleepcap, a worm and an orc.

Vanquished Creatures
  Natasha (D:2)
  A white imp (D:5)
  2 adder skeletons (D:2)
  A worm (D:2)
  5 dart slugs
  An orc (D:4)
  4 ball pythons
  A bat skeleton (D:2)
  3 endoplasms (D:2)
  4 hobgoblins
  5 jackals
  5 kobolds
  A ball python skeleton (D:2)
  A bat (D:2)
  4 frilled lizards
  7 goblins
  2 quokka zombies (D:2)
  A rat (D:3)
49 creatures vanquished.

Vanquished Creatures (others)
  19 withered plants (D:2)
19 creatures vanquished.

Grand Total: 68 creatures vanquished

Notes
Turn   | Place    | Note
-------+----------+-------------------------------------------
     0 | D:1      | BillyBaka the Vine Stalker Monk began the quest for the
                  | Orb.
     0 | D:1      | Reached XP level 1. HP: 11/11 MP: 2/2
    97 | D:1      | Found Acosaeh's Antique Weapon Shop.
   109 | D:1      | Reached XP level 2. HP: 16/16 MP: 3/3
   234 | D:1      | Found a faded altar of an unknown god.
   639 | D:2      | Reached XP level 3. HP: 20/20 MP: 4/4
  1309 | D:2      | Noticed Natasha
  1331 | D:2      | Killed Natasha
  1332 | D:2      | Gained mutation: Your natural rate of healing is unusually
                  | fast. [Vine Stalker growth]
  1332 | D:2      | Reached XP level 4. HP: 8/24 MP: 1/5
  1399 | D:2      | Identified the +0 dagger of the Valley of Death {pain,
                  | rCorr MP-9 Dex+4 SInv}
  1442 | D:3      | Got Sif Muna's Cyclopedia of Topography
  1477 | D:3      | Identified the +6 sling "Umufem" {heavy, rC+}
  1583 | D:3      | You fall into a shaft and drop 2 floors!
  1583 | D:5      | Entered Level 5 of the Dungeon
  1663 | D:4      | Slain by an orc

Illustrated notes

Levels and vault maps discovered:
D:1:      dpeg_arrival_long_road, layout_basic,
          dreamdust_ecumenical_altar_angels_and_demons, serial_shops, shop
D:2:      layout_basic, dilly_guarded_unrand_morg
D:3:      layout_basic, corexii_hall_statues_l
D:4:      layout_basic, cheibriados_altar_1, supply_closet_lemuel,
          kennysheep_cross_bottleneck, kennysheep_doodads, grunt_ministairs_13
D:5:      layout_loops_corners, general_overflow_altar,
          pdpol_wu_jian_five_deadly_venoms, uniq_edmund, uniq_eustachio

Skill      XL: |  1  2  3 |
---------------+----------+-----
Fighting       | 3 |  3.5
Short Blades   | 3 |  3.5
Dodging        | 3 |  3.1
Ranged Weapons | |  0.3

Action                     |  1- 3 |  4- 6 || total
---------------------------+-------+-------++-------
  Melee: Short sword       |   101 |    11 ||   112
         Bite              |    28 |    11 ||    39
         Dagger            |       |     8 ||     8
   Fire: Sling             |       |    15 ||    15
 Armour: Robe              |    14 |       ||    14
  Dodge: Dodged            |    61 |    17 ||    78

Table legend: (Time is in decaauts)
 A = Elapsed time spent in this place.
 B = Non-inter-level travel time spent in this place.
 C = Inter-level travel time spent in this place.
 D = Time resting spent in this place.
 E = Time spent auto-exploring this place.
 F = Levels seen in this place.
 G = Mean time per level.
                   A        B        C        D        E       F      G
               +--------+--------+--------+--------+--------+-----+--------+
         Total |   1658 |   1602 |     56 |     49 |   1166 |   5 |  331.6 |
       Dungeon |   1658 |   1602 |     56 |     49 |   1166 |   5 |  331.6 |
               +--------+--------+--------+--------+--------+-----+--------+

Top non-repeatable levels by time:
     D:2: 786 daAuts
     D:1: 625 daAuts
     D:3: 161 daAuts
     D:5: 64 daAuts
     D:4: 20 daAuts
